Map: Year Zero LE

Players

Solustein - Winner!

  • Race: Zerg Zerg
  • Spawn Location: 11:00

Phonon

  • Race: Zerg Zerg
  • League: Platinum
  • Spawn Location: 1:00

VOD

Have the link to the VOD?

Description

almost got my butt handed to me, but constant harass wins the day xD.

Time

  • Played on: March 23, 2019, 3:09 a.m.
  • Length: 23:40
Show
View Real Time Build Order
Export as new Build Order

Solustein Zerg - Winner!

Build Orders: Pool First 

Get SALT Encoding   

  12  0:01  Drone  
  13  0:08  Drone  
  14  0:18  Overlord  
  14  0:24  Drone, Extractor  
  14  0:40  Drone  
  14  0:41  Drone  
  16  0:46  Drone  
  17  0:54  Spawning Pool  
  16  0:58  Drone  
  17  1:17  Evolution Chamber, Drone  
  17  1:24  Drone  
  18  1:39  Hatchery  
  17  1:45  Metabolic Boost  
  17  1:51  Zergling x2  
  17  1:53  Zergling x2  
  19  1:57  Zergling x2  
  20  2:05  Zerg Melee Weapons Level 1  
  20  2:11  Overlord  
  20  2:16  Drone  
  21  2:30  Queen  
  21  2:31  Drone  
  24  2:40  Baneling Nest  
  24  2:43  Drone  
  24  2:53  Drone  
  25  3:00  Drone  
  25  3:01  Queen  
  28  3:13  Zergling x4  
  28  3:18  Zergling x6  
  33  3:22  Extractor  
  33  3:25  Baneling x2  
  33  3:26  Baneling  
  32  3:29  Zergling x2  
  33  3:38  Drone  
  34  3:46  Drone x2  
  36  3:53  Overlord  
  36  3:54  Overlord  
  31  4:39  Zergling x10  
  31  4:42  Zergling x2  
  31  4:43  Zergling x4  
  35  4:46  Roach Warren  
  35  4:50  Zerg Missile Weapons Level 1  
  34  4:54  Zergling x4  
  36  5:04  Drone  
  39  5:08  Lair  
  39  5:09  Queen  
  39  5:10  Drone  
  39  5:42  Roach x3  
  47  5:43  Roach  
  47  5:46  Roach x2  
  47  5:48  Overlord x2  
  51  5:55  Baneling x3  
  51  5:56  Baneling  
  51  6:00  Overlord x2  
  51  6:08  Hydralisk Den  
  50  6:12  Roach x2  
  50  6:14  Roach  
  52  6:35  Drone x3  
  52  6:36  Drone  
  55  6:41  Zergling x2  
  55  6:42  Zergling x6  
  59  6:49  Zerg Ground Armor Level 1  
  59  6:58  Drone x3  
  62  7:05  Ravager  
  62  7:06  Ravager x2  
  62  7:07  Ravager  
  66  7:14  Zergling x8  
  70  7:16  Zergling x2  
  56  8:12  Roach x6  
  70  8:13  Roach x3  
  70  8:15  Zergling x6  
  59  8:43  Zergling x2  
  59  8:44  Zergling x8  
  59  8:46  Zerg Melee Weapons Level 2  
  64  8:50  Zergling x10  
  67  9:04  Lurker Den  
  67  9:09  Drone x3, Extractor  
  69  9:10  Extractor, Drone x2  
  69  9:16  Baneling x5  
  54  10:15  Hydralisk  
  54  10:16  Hydralisk x7  
  54  10:18  Hydralisk x2  
  54  10:19  Hydralisk  
  65  10:30  Spore Crawler x2  
  65  10:33  Spore Crawler  
  62  10:35  Spore Crawler  
  62  10:36  Spore Crawler, Drone  
  52  10:57  Hydralisk x2  
  40  11:00  Hydralisk x6  
  52  11:05  Hydralisk  
  47  11:41  Zergling x8  
  47  11:42  Zergling x2  
  52  11:54  Drone x3  
  53  11:58  Hydralisk Den  
  46  12:28  Zergling x2  
  46  12:29  Zergling x14  
  50  12:40  Hydralisk x2  
  50  12:41  Hydralisk  
  50  12:42  Hydralisk  
  53  13:03  Hydralisk x2  
  53  13:05  Hydralisk x4  
  59  13:06  Queen  
  67  13:13  Zerg Missile Weapons Level 2  
  55  13:27  Hydralisk x2  
  59  13:41  Queen  
  59  13:46  Zergling x4  
  59  13:47  Zergling x2  
  64  13:50  Zergling x6  
  64  13:52  Zergling x2  
  64  13:53  Overlord x2  
  68  14:38  Hatchery  
  67  14:39  Hydralisk x5  
  71  14:52  Hydralisk  
  71  14:53  Lurker Den  
  72  15:01  Infestation Pit  
  71  15:11  Zergling x6  
  74  15:22  Roach x3  
  74  15:26  Roach  
  82  15:28  Overlord  
  82  15:33  Grooved Spines  
  82  15:47  Roach  
  82  15:48  Roach x2  
  88  15:51  Roach  
  88  15:53  Roach  
  92  16:05  Drone x2  
  93  16:17  Drone x3  
  96  16:18  Drone  
  97  16:31  Spine Crawler  
  96  16:32  Spine Crawler  
  96  16:33  Spine Crawler  
  96  16:34  Drone x2  
  96  16:35  Drone  
  96  16:39  Baneling x2  
  97  16:40  Baneling x3  
  44  17:16  Hydralisk x4  
  44  17:17  Hydralisk x3  
  44  17:21  Hydralisk  
  60  17:35  Zergling x6  
  63  17:43  Lurker  
  65  17:44  Lurker x2  
  65  17:46  Hydralisk x2  
  65  17:48  Hydralisk  
  72  18:01  Zergling x12  
  78  18:32  Hydralisk x3  
  84  18:38  Drone  
  84  18:39  Drone x2  
  78  19:11  Lurker x4  
  78  19:12  Hydralisk x4  
  78  19:13  Hydralisk x4  
  98  19:28  Extractor  
  98  19:29  Extractor  
  96  19:39  Hatchery  
  96  19:42  Hydralisk  
  96  19:44  Overlord x2  
  94  20:36  Hydralisk x3  
  77  20:57  Lurker x4  
  68  21:10  Hydralisk x4  
  68  21:11  Hydralisk x6  
  80  21:50  Zergling x2, Burrow  
  80  21:51  Zergling x12  
  80  21:53  Lurker x2  
  89  21:58  Lurker  
  90  22:08  Zergling x2  
  90  22:09  Zergling x4  
  93  22:15  Hive  
  75  23:03  Hydralisk x7  
  75  23:05  Hydralisk x3  
  75  23:06  Zergling x6  
  75  23:08  Hydralisk x7  
  75  23:09  Hydralisk  
  75  23:10  Hydralisk x3  
  100  23:14  Zergling x6  
Show
View Real Time Build Order
Export as new Build Order

Phonon Zerg 

Build Orders: Hatch First 

Get SALT Encoding   

  12  0:10  Overlord  
  12  0:13  Drone  
  13  0:18  Drone  
  14  0:32  Drone  
  15  0:50  Hatchery  
  15  0:53  Drone  
  15  0:56  Drone  
  16  1:00  Drone  
  17  1:17  Spawning Pool  
  16  1:20  Extractor  
  16  1:21  Drone  
  16  1:23  Drone  
  17  1:32  Drone  
  18  1:42  Drone  
  19  1:49  Drone  
  20  1:59  Overlord  
  20  2:04  Drone  
  20  2:06  Queen x2  
  25  2:10  Zergling x2  
  25  2:13  Zergling x2  
  27  2:27  Zergling x2  
  28  2:34  Drone  
  28  2:35  Zergling x2, Drone  
  31  2:37  Metabolic Boost  
  31  2:45  Baneling Nest  
  30  2:57  Drone x4  
  35  3:12  Zergling x2  
  35  3:13  Zergling x2  
  35  3:18  Overlord  
  36  3:29  Overlord  
  36  3:35  Baneling x2  
  36  3:47  Drone x2  
  36  3:48  Drone x6  
  42  3:49  Drone x2  
  46  4:00  Zergling x6, Extractor  
  46  4:01  Zergling x2  
  49  4:06  Extractor  
  46  4:25  Baneling x2  
  46  4:35  Zergling x12  
  46  4:36  Zergling x4  
  40  4:39  Zergling x4  
  40  4:43  Queen  
  40  4:45  Zergling x2  
  44  4:49  Zergling x2  
  45  4:57  Baneling x3  
  45  5:10  Drone x4  
  47  5:41  Baneling x2  
  47  5:42  Drone x5  
  51  5:48  Overlord  
  51  5:52  Extractor  
  51  5:56  Lair  
  50  6:05  Baneling  
  50  6:07  Drone x3  
  50  6:08  Drone x2  
  55  6:18  Zergling x2  
  56  6:24  Zergling x2  
  57  6:31  Baneling x2  
  56  6:47  Spine Crawler  
  55  6:49  Spine Crawler  
  55  6:51  Spine Crawler, Drone x3  
  56  6:56  Spire  
  55  7:02  Zergling x4  
  55  7:03  Zergling x6  
  55  7:08  Overlord  
  60  7:22  Spore Crawler  
  59  7:23  Overlord  
  59  7:29  Queen  
  53  7:47  Zergling x12  
  53  7:48  Zergling x8  
  55  7:57  Zergling x8  
  59  8:01  Zergling x8  
  62  8:10  Mutalisk x2  
  60  8:29  Zergling x4  
  60  8:30  Zergling x6  
  60  8:34  Mutalisk x4  
  66  8:55  Mutalisk  
  66  8:56  Overlord  
  66  8:57  Overlord x2  
  66  9:01  Hatchery  
  65  9:08  Zerg Flyer Weapons Level 1  
  65  9:15  Mutalisk x4  
  65  9:16  Mutalisk x3  
  79  9:30  Mutalisk x2  
  79  9:31  Mutalisk  
  83  9:36  Drone x3  
  88  9:45  Mutalisk x2  
  85  10:04  Mutalisk x2  
  82  10:33  Hatchery  
  81  10:38  Drone x7  
  84  10:55  Mutalisk x2  
  78  11:03  Mutalisk x2  
  82  11:12  Drone x2  
  84  11:25  Mutalisk x2  
  74  11:41  Zergling x4  
  76  11:48  Zergling x4  
  76  11:59  Spine Crawler  
  76  12:01  Spine Crawler  
  66  12:02  Zergling x4  
  66  12:03  Spine Crawler  
  59  12:22  Zergling x8  
  38  12:31  Queen  
  38  12:36  Baneling x3  
  38  12:37  Baneling x6  
  40  12:38  Baneling x3  
  40  12:42  Drone x2  
  40  12:43  Drone x2  
  42  12:54  Drone x2  
  44  13:09  Drone x4  
  44  13:11  Hatchery  
  47  13:16  Baneling  
  47  13:17  Baneling x3  
  47  13:18  Centrifical Hooks  
  48  13:20  Zergling x4  
  45  13:30  Queen  
  45  13:32  Drone x2  
  49  13:42  Baneling x2  
  49  13:43  Baneling x2  
  49  13:45  Drone x4  
  49  13:46  Drone  
  54  13:52  Drone  
  55  13:57  Drone  
  56  14:06  Zergling x2  
  56  14:09  Zergling x2  
  58  14:12  Drone  
  59  14:31  Extractor  
  60  14:32  Zergling x10  
  60  14:33  Extractor  
  64  14:40  Zergling x12  
  64  14:43  Hatchery  
  64  14:50  Zergling x6, Hatchery  
  64  14:51  Zergling x4  
  68  14:55  Baneling x4  
  68  14:56  Baneling x6  
  68  14:57  Baneling x2, Drone  
  69  15:01  Drone  
  70  15:07  Baneling x2  
  70  15:08  Baneling x7  
  70  15:09  Baneling  
  70  15:11  Baneling x5  
  70  15:12  Baneling  
  70  15:13  Baneling  
  70  15:17  Zergling x2  
  70  15:18  Zergling x2  
  72  15:27  Drone x2  
  74  15:52  Drone  
  74  15:53  Drone  
  74  15:55  Overlord  
  76  16:01  Drone x7  
  81  16:06  Drone x2  
  82  16:13  Zergling x4  
  84  16:21  Queen  
  86  16:29  Drone  
  86  16:31  Overlord  
  87  16:45  Spine Crawler  
  86  16:49  Queen  
  86  16:50  Overlord, Spine Crawler  
  86  16:51  Drone x2  
  89  17:00  Hydralisk Den  
  88  17:02  Drone x3  
  86  17:15  Zergling x12  
  73  17:16  Zergling x2  
  73  17:20  Extractor  
  73  17:21  Spore Crawler  
  74  17:27  Drone x2  
  74  17:28  Drone x2  
  78  17:38  Baneling x4  
  78  17:39  Baneling x6  
  78  17:40  Baneling x4  
  78  17:55  Evolution Chamber, Drone x3  
  78  17:56  Evolution Chamber, Drone x2  
  81  18:07  Zergling x4, Spore Crawler  
  81  18:08  Zergling x6  
  85  18:17  Hydralisk x2  
  89  18:21  Muscular Augments  
  89  18:29  Zerg Ground Armor Level 1  
  89  18:32  Zerg Missile Weapons Level 1  
  89  18:35  Baneling x3  
  89  18:36  Baneling  
  89  18:38  Drone  
  89  18:40  Drone  
  88  18:54  Spine Crawler  
  86  18:59  Queen  
  86  19:01  Spore Crawler  
  87  19:05  Hydralisk x3  
  93  19:16  Spine Crawler  
  92  19:17  Extractor  
  92  19:19  Drone  
  92  19:27  Overseer  
  92  19:29  Pneumatized Carapace  
  92  19:32  Grooved Spines, Drone x3  
  92  19:35  Queen, Drone  
  98  19:38  Baneling x2  
  98  19:39  Baneling x3  
  98  19:40  Baneling  
  98  19:44  Overlord  
  98  19:45  Overseer  
  98  19:55  Hydralisk  
  98  19:56  Hydralisk  
  102  20:01  Drone x2  
  102  20:03  Infestation Pit  
  96  20:21  Mutalisk x2  
  96  20:24  Overseer  
  96  20:27  Overseer  
  99  20:33  Hatchery  
  80  20:50  Hydralisk  
  75  21:04  Hydralisk x3  
  80  21:17  Overlord x3  
  80  21:23  Zerg Missile Weapons Level 2  
  80  21:30  Drone x2  
  82  21:40  Overlord  
  82  21:42  Drone, Infestor  
  85  21:50  Hatchery  
  84  21:59  Pathogen Glands, Infestor  
  86  22:07  Drone x4  
  90  22:18  Infestor x3  
  90  22:19  Infestor  
  98  22:28  Drone  
  98  22:29  Drone  
  100  22:30  Drone  
  100  22:32  Drone  
  91  22:47  Hydralisk x2  
  91  22:48  Hydralisk  
  82  22:52  Hydralisk x2  
  82  22:53  Hydralisk x2  
  82  23:00  Zergling x8  
  63  23:13  Hydralisk x4  
Tags
 
League
Platinum
Matchup
ZvZ
Race
Zerg
Spawn Locations
Close Positions
Add a new tag
Caveats
  • Supply blocks, unpowered buildings, or Contaminate may cause inaccurate times.
  • Supply counts are checked every 10 seconds.